 Dungeon Crawl Stone Soup version 0.31-a0-1576-ga3383bade6 (webtiles) character file.

Game seed: 584963959966750826

2947 senseless the Cleaver (level 9, -1/73 HPs)
             Began as a Hill Orc Fighter on Jan 4, 2024.
             Was a Follower of Hepliaklqana.
             Slain by an orc warrior
             ... wielding a +0 bardiche
              (13 damage)
             ... in a bailey.
             The game lasted 00:17:36 (5857 turns).

senseless the Cleaver (Hill Orc Fighter)            Turns: 5857, Time: 00:17:36

Health: -1/73      AC: 17    Str: 23    XL:     9   Next: 80%
Magic:  9/9        EV: 10    Int: 10    God:    Hepliaklqana [*.....]
Gold:   263        SH:  0    Dex: 10    Spells: 8/8 levels left

rFire   . . .        a - +0 war axe
rCold   . . .        (no shield)
rNeg    + . .        x - +4 ring mail of Loss {+Blink Regen+ Int+2}
rPois   .            j - +2 hat
rElec   .            (no cloak)
rCorr   .            n - +0 pair of gloves
SInv    +            q - +2 pair of boots
Will    .....        (no amulet) Stlth
                     g - ring of positive energy
HPRegen 1.12/turn    o - ring of see invisible
MPRegen 0.11/turn

%: no passive effects
@: mighty, hasted, very quick
A: reduced essence
a: Renounce Religion, Evoke Blink, Recall Ancestor, Ancestor Identity


You were in a bailey.
You worshipped Hepliaklqana.
Hepliaklqana was aware of your devotion.
You visited 2 branches of the dungeon, and saw 8 of its levels.
You also visited: Ossuary and Bailey.

You collected 395 gold pieces.
You spent 132 gold pieces at shops.

Inventory:

Hand Weapons
 a - a +0 war axe (weapon)
 b - a +2 whip of venom
 u - a +2 dire flail of holy wrath
 E - a +1 shortbow of electrocution
Missiles
 e - 4 javelins
 f - a throwing net
 i - 4 poisoned darts
Armour
 c - a +0 buckler
 j - a +2 hat (worn)
 n - a +0 pair of gloves (worn)
 q - a +2 pair of boots (worn)
 x - the +4 ring mail of Loss (worn) {+Blink Regen+ Int+2}
   (You found it on level 4 of the Dungeon)

   Int+2:     It affects your intelligence (+2).
   +Blink:    It lets you blink.
   Regen+:    It increases your rate of health regeneration.
 C - a +4 ring mail of poison resistance
Jewellery
 g - a ring of positive energy (left hand)
 m - a ring of magical power
 o - a ring of see invisible (right hand)
Wands
 D - a wand of paralysis (17) (quivered)
Scrolls
 k - a scroll of fear {unknown}
 p - a scroll of fog {unknown}
 s - a scroll of revelation
 w - 3 scrolls of teleportation
 y - a scroll of noise {unknown}
 A - a scroll of summoning {unknown}
 B - a scroll of immolation {unknown}
 F - a scroll of vulnerability {unknown}
Potions
 d - 3 potions of might
 h - 2 potions of attraction
 l - a potion of magic {unknown}
 r - 4 potions of curing
 t - 2 potions of enlightenment
 v - 2 potions of haste
 z - a potion of ambrosia {unknown}


   Skills:
 + Level 8.8 Fighting
 + Level 9.1 Axes
 + Level 8.0 Armour
 + Level 8.0 Shields


You had 8 spell levels left.
You didn't know any spells.
Your spell library contained the following spells:

 Spells                   Type           Power      Damage    Failure   Level
 Sting                    Conj/Alch      0%         1d3       50%         1
 Mercury Vapours          Alch/Air       0%         N/A       63%         2
 Olgreb's Toxic Radiance  Alch           0%         N/A       99%         4


Dungeon Overview and Level Annotations

Branches:
Dungeon (7/15)             Temple (1/1) D:6         Ossuary (visited)
 Bailey (1/1)

Altars:
Ashenzari
Dithmenos
Elyvilon
Fedhas
Hepliaklqana
Makhleb
Nemelex Xobeh
Okawaru
Qazlal
Ru
Sif Muna
Trog
Uskayaw
Wu Jian
Xom
Yredelemnul
Zin

Shops:
D:3 !


Message History

Kateb closely misses the orc warrior.
The orc hits Kateb with a +0 spear.
Kateb hits the orc warrior but does no damage.
The orc closely misses Kateb.
Something hits Kateb!
An orc warrior comes into view. It is wielding a +0 halberd.
You feel very mighty all of a sudden.
An orc comes into view. It is wielding a +0 spear.
Your +1 shortbow of electrocution stops crackling.
a - a +0 war axe (weapon)
The orc warrior hits Kateb with a +0 trident.
The orc warrior hits you with a +0 bardiche.
Kateb hits the orc warrior.
You barely miss the orc warrior.
The orc warrior is lightly wounded.
The orc warrior hits Kateb with a +0 trident!
The orc warrior closely misses you.
Kateb hits the orc warrior!
You barely miss the orc warrior.
The orc warrior is heavily wounded.
The orc warrior hits Kateb with a +0 trident!
Kateb is destroyed!
The orc warrior hits you but does no damage.
You barely miss the orc warrior.
The orc warrior is heavily wounded.
The orc warrior closely misses you.
You slash the orc warrior!
The orc warrior is almost dead.
The orc warrior hits you from afar with a +0 trident!
* * * LOW HITPOINT WARNING * * *
The orc barely misses you.
The orc warrior hits you from afar with a +0 halberd!
* * * LOW HITPOINT WARNING * * *
An orc warrior comes into view. It is wielding a +0 halberd.
The orc hits you from afar with a +0 spear.
* * * LOW HITPOINT WARNING * * *
Okay, then.
You feel yourself speed up. The orc warrior barely misses you.
The orc hits you but does no damage.
The orc warrior hits you but does no damage.
The orc warrior hits you with a +0 bardiche!
You die...

#.o########..#
#...8....8...##
.........)....###
####'o#### #.##
#≈≈..####........####..#
#≈≈≈...................#
#≈≈≈≈.......oooo.♣....♣#
#≈≈≈≈≈≈...#....#...♣♣♣♣
≈≈≈≈≈≈≈≈≈#..@o#≈≈≈≈≈♣♣#
♣≈≈≈≈≈≈≈#....#≈≈≈≈≈≈≈#
♣.≈≈≈≈≈≈#....#≈≈≈≈≈≈≈#
♣...≈≈≈≈#...)#≈≈≈≈≈≈≈#
♣♣......#....#....≈≈≈#
♣♣................≈≈#
###.♣♣.......♣.♣..♣#
#.♣............♣♣
#............###


You could see 4 orc warriors and 2 orcs.

Vanquished Creatures
  Grinder (D:5)
  A steam dragon (D:7)
  Edmund (D:4)
  Menkaure (D:6)
  Duvessa (D:5)
  2 orc warriors (Bailey)
  4 black bears
  An ogre (D:5)
  2 centaurs
  3 phantoms
  2 elf zombies (Ossuary)
  A bullfrog (D:6)
  A gnoll sergeant (D:6)
  A scorpion (D:6)
  Dowan (D:7)
  A bombardier beetle (D:6)
  5 hounds
  2 centaur zombies (Ossuary)
  2 sleepcaps (D:6)
  An iguana (D:5)
  6 orc wizards
  5 hound zombies (Ossuary)
  2 mummies (Ossuary)
  Robin (D:2)
  7 gnolls
  6 adders
  A white imp (D:6)
  2 ufetubi (D:5)
  9 adder zombies (Ossuary)
  2 dart slugs
  8 ribbon worms
  17 orcs
  8 ball pythons
  6 bats
  2 endoplasms
  2 giant cockroaches
  5 gnoll zombies (Ossuary)
  9 hobgoblins
  2 jackals (D:1)
  5 quokkas
  3 frilled lizards
  14 goblins
  2 jackal zombies (Ossuary)
  7 kobolds
  5 kobold zombies (Ossuary)
  6 orc zombies (Ossuary)
  5 rats
181 creatures vanquished.

Vanquished Creatures (others)
  An ancestor (Bailey)
1 creature vanquished.

Grand Total: 182 creatures vanquished

Notes
Turn   | Place    | Note
-------+----------+-------------------------------------------
     0 | D:1      | senseless the Hill Orc Fighter began the quest for the Orb.
     0 | D:1      | Reached XP level 1. HP: 19/19 MP: 1/1
    60 | D:1      | Reached XP level 2. HP: 27/27 MP: 2/2
    70 | D:1      | Reached skill level 3 in Axes
   506 | D:1      | Reached XP level 3. HP: 32/33 MP: 3/3
  1118 | D:2      | Reached XP level 4. HP: 22/40 MP: 4/4
  1295 | D:2      | Noticed Robin
  1346 | D:2      | Killed Robin
  1818 | D:3      | Reached skill level 4 in Axes
  1915 | D:3      | Reached XP level 5. HP: 46/47 MP: 5/5
  2105 | D:3      | Found an ornate altar of the Wu Jian Council.
  2105 | D:3      | Found Daosch's Distillery.
  2113 | D:3      | Bought a potion of heal wounds for 55 gold pieces
  2113 | D:3      | Bought a potion of might for 44 gold pieces
  2113 | D:3      | Bought a potion of curing for 33 gold pieces
  2210 | D:3      | Found a glowing silver altar of Zin.
  2219 | D:3      | Found a shimmering altar of Xom.
  2663 | D:4      | Noticed Edmund
  2680 | D:4      | Killed Edmund
  2681 | D:4      | Reached skill level 5 in Fighting
  2681 | D:4      | Reached XP level 6. HP: 29/56 MP: 6/6
  2865 | D:4      | Found a sand-covered staircase.
  2869 | Ossuary  | Entered an ossuary
  2886 | Ossuary  | Reached skill level 5 in Axes
  2961 | Ossuary  | Reached skill level 5 in Armour
  2961 | Ossuary  | Reached skill level 5 in Shields
  2961 | Ossuary  | Reached XP level 7. HP: 57/61 MP: 7/7
  3436 | D:4      | Found a sparkling altar of Nemelex Xobeh.
  3453 | D:4      | Reached skill level 6 in Axes
  3620 | D:4      | Reached XP level 8. HP: 65/71 MP: 8/8
  3737 | D:4      | Identified the +4 ring mail of Loss {+Blink Regen+ Int+2}
  4046 | D:5      | Entered Level 5 of the Dungeon
  4048 | D:5      | Noticed Grinder
  4079 | D:5      | Killed Grinder
  4121 | D:5      | Found a white marble altar of Elyvilon.
  4206 | D:5      | Reached skill level 7 in Axes
  4353 | D:5      | Found a shadowy altar of Dithmenos.
  4451 | D:5      | Reached XP level 9. HP: 79/79 MP: 9/9
  4688 | D:5      | Found a hazy altar of Hepliaklqana.
  4693 | D:5      | Became a worshipper of Hepliaklqana the Forgotten
  4857 | D:6      | Noticed Menkaure
  4876 | D:6      | Killed Menkaure
  4877 | D:6      | Reached skill level 8 in Axes
  5141 | D:6      | Found a staircase to the Ecumenical Temple.
  5151 | Temple   | Entered the Ecumenical Temple
  5560 | D:7      | Noticed Duvessa
  5560 | D:7      | Noticed Dowan
  5564 | D:7      | Killed Dowan
  5597 | D:5      | Killed Duvessa
  5686 | D:7      | Found a flagged portal.
  5726 | Bailey   | Entered a bailey
  5763 | Bailey   | Reached skill level 9 in Axes
  5835 | Bailey   | Reached * piety under Hepliaklqana
  5857 | Bailey   | Slain by an orc warrior

Illustrated notes

Levels and vault maps discovered:
D:1:      spicycebolla_arrival_transporter_tutorial, layout_loops_ring
D:2:      layout_loops_ring, skrybe_limestone_x, kennysheep_donut, uniq_robin
D:3:      layout_loops_corners, nzn_wu_jian_council_hall, amcnicky_altar_gilded,
          mainiacjoe_overflow_brackets, serial_shops, nicolae_shop_peninsula,
          grunt_ministairs_1
D:4:      layout_gridville, old_standard_altar, nicolae_ossuary_entry_plus,
          uniq_edmund
D:5:      layout_rooms, worldfamousw_hep_ancestral_shrine,
          nicolae_dithmenos_shadow_blocks, kennysheep_mini_moat,
          nicolae_wormholes, uniq_grinder
D:6:      layout_loops_ring, temple_hall, hangedman_glass_teeth,
          grunt_decor_fettered, uniq_menkaure
D:7:      layout_basic, serial_shops, nicolae_book_shop_shelving,
          enter_bailey_6, uniq_duvessa
Temple:   compressed_dpeg_circular_temple
Bailey:   bailey_polearm_elven_captive_hellmonk, bailey

Skill      XL: |  1  2  3  4  5  6  7  8  9 |
---------------+----------------------------+-----
Axes           | 3 4 5 6 7 9 |  9.1
Fighting       | 4 5 6 7 8 |  8.8
Armour         | 4 5 6 8 |  8.0
Shields        | 4 5 6 8 |  8.0

Action                     |  1- 3 |  4- 6 |  7- 9 || total
---------------------------+-------+-------+-------++-------
  Melee: War axe           |   110 |   187 |   349 ||   646
   Fire: Shortbow          |       |       |    23 ||    23
  Throw: Dart              |       |     3 |     4 ||     7
    Use: Scroll            |       |     5 |     4 ||     9
         Potion            |       |       |     4 ||     4
 Armour: Scale mail        |   102 |   158 |   148 ||   408
         Ring mail         |       |       |   255 ||   255
  Dodge: Dodged            |    54 |    89 |   229 ||   372
  Block: Buckler           |    25 |    51 |   118 ||   194

Table legend: (Time is in decaauts)
 A = Elapsed time spent in this place.
 B = Non-inter-level travel time spent in this place.
 C = Inter-level travel time spent in this place.
 D = Time resting spent in this place.
 E = Time spent auto-exploring this place.
 F = Levels seen in this place.
 G = Mean time per level.
                   A        B        C        D        E       F      G
               +--------+--------+--------+--------+--------+-----+--------+
         Total |   6025 |   5906 |    119 |    110 |   4199 |  10 |  602.5 |
       Dungeon |   5448 |   5329 |    119 |     79 |   3909 |   7 |  778.3 |
        Temple |      1 |      1 |      0 |      0 |      0 |   1 |    1.0 |
       Ossuary |    434 |    434 |      0 |      0 |    249 |   1 |  434.0 |
        Bailey |    140 |    140 |      0 |     31 |     41 |   1 |  140.0 |
               +--------+--------+--------+--------+--------+-----+--------+

Top non-repeatable levels by time:
     D:4: 1014 daAuts
     D:3: 943 daAuts
     D:2: 915 daAuts
     D:1: 858 daAuts
     D:6: 834 daAuts
     D:5: 782 daAuts
 Ossuary: 434 daAuts
  Bailey: 140 daAuts
     D:7: 98 daAuts
  Temple: 1 daAuts
